 Dungeon Crawl Stone Soup version 0.21-a0-504-g2eda330 (webtiles) character file.

50 wvc the Skirmisher (level 3, -2/35 HPs)
             Began as a Gnoll Wanderer on Nov 26, 2017.
             Slain by ximxim's ghost (8 damage)
             ... on level 3 of the Dungeon.
             The game lasted 00:03:05 (1523 turns).

wvc the Skirmisher (Gnoll Wanderer)                 Turns: 1523, Time: 00:03:07

Health: -2/35      AC:  6    Str: 14    XL:     3   Next: 79%
Magic:  4/4        EV: 12    Int: 14    God:
Gold:   159        SH:  0    Dex: 15    Spells: 3/3 levels left

rFire    . . .     SeeInvis .   a - +2 spear
rCold    . . .     Gourm    .   (no shield)
rNeg     . . .     Faith    .   u - +0 ring mail
rPois    .         Spirit   .   (no helmet)
rElec    .         Reflect  .   (no cloak)
rCorr    .         Harm     .   (no gloves)
MR       .....                  (no boots)
Stlth    ..........             (no amulet)
HPRegen  0.11/turn              (no ring)
MPRegen  0.09/turn              (no ring)

@: confused
A: distributed training, fangs 1, strong nose
a: no special abilities


You were on level 3 of the Dungeon.
You were not hungry.

You visited 1 branch of the dungeon, and saw 3 of its levels.

You collected 159 gold pieces.

Inventory:

Hand Weapons
 a - a +2 spear (weapon)
 k - a +1 dagger of venom
 t - a +0 great mace
Missiles
 i - 16 tomahawks (quivered)
 p - 15 poisoned needles
Armour
 u - a +0 ring mail (worn)
Jewellery
 s - an uncursed ring of ice
Scrolls
 b - 3 scrolls of teleportation
 e - 3 scrolls of remove curse {unknown}
 f - 2 scrolls of enchant weapon {unknown}
 j - 7 scrolls of identify {unknown}
 o - 2 scrolls of amnesia {unknown}
 q - a scroll of immolation {unknown}
Potions
 l - a potion of magic {unknown}
 m - 4 potions of curing {unknown}
 n - a potion of degeneration {unknown}
 r - a potion of lignification {unknown}
Comestibles
 d - 5 bread rations
 h - a meat ration


   Skills:
 + Level 6.5 Fighting
 + Level 0.9 Short Blades
 + Level 0.9 Long Blades
 + Level 2.6 Axes
 + Level 0.9 Maces & Flails
 + Level 2.6 Polearms
 + Level 0.9 Staves
 + Level 0.9 Slings
 + Level 0.9 Bows
 + Level 0.9 Crossbows
 + Level 0.9 Throwing
 + Level 4.5 Armour
 + Level 2.6 Dodging
 + Level 0.9 Stealth
 + Level 2.6 Shields
 + Level 0.9 Unarmed Combat
 + Level 0.9 Spellcasting
 + Level 0.6 Conjurations
 + Level 0.6 Hexes
 + Level 0.6 Charms
 + Level 0.6 Summonings
 + Level 0.6 Necromancy
 + Level 0.6 Translocations
 + Level 0.6 Transmutations
 + Level 0.6 Fire Magic
 + Level 0.6 Ice Magic
 + Level 0.6 Air Magic
 + Level 0.6 Earth Magic
 + Level 0.6 Poison Magic
 + Level 1.0 Invocations
 + Level 2.6 Evocations


You had 3 spell levels left.
You didn't know any spells.

Dungeon Overview and Level Annotations

Branches:
Dungeon (3/15)

Altars:

Annotations:
D:3 ximxim's ghost, amateur DsEn


Innate Abilities, Weirdness & Mutations

Your experience applies equally to all skills.
You have very sharp teeth.
Your uncanny sense of smell can sniff out nearby items.


Message History

Ximxim's ghost is severely damaged.
Ximxim's ghost hits you but does no damage.
You miss ximxim's ghost. Your bite misses ximxim's ghost.
Ximxim's ghost is severely damaged.
Ximxim's ghost casts a spell at you.
You are confused.
You're too confused to move!
Ximxim's ghost barely misses you.
You bump into the rock wall.
Ximxim's ghost hits you but does no damage.
You see here a stone.
You bump into the rock wall.
Ximxim's ghost hits you but does no damage.
You miss ximxim's ghost.
Ximxim's ghost is heavily damaged.
Ximxim's ghost hits you!
* * * LOW HITPOINT WARNING * * *
You miss ximxim's ghost.
Ximxim's ghost is heavily damaged.
Ximxim's ghost hits you!
You die...

........ .......
#..... #..... ∆
#....# #..).#
###### #...(#
#.....
#...(########
#.###.
####...oW@..#
#.# #.
########.#
#####.#### #.#
#.....#... #.#
#.#####.#.
#.#####.#####.#.
#...........#.#.
#######.###.#.#.
#.# #.#.#. #.#
#.#.#.


You could see ximxim's ghost and an orc.

Vanquished Creatures
  An adder zombie (D:3)
  3 dart slugs
  A leopard gecko (D:2)
  2 orcs (D:3)
  A giant cockroach (D:1)
  7 goblins
  6 hobgoblins
  2 jackals (D:1)
  5 bats
  A frilled lizard (D:2)
  3 kobolds
  A rat (D:1)
33 creatures vanquished.

Notes
Turn   | Place    | Note
-------+----------+-------------------------------------------
     0 | D:1      | wvc the Gnoll Wanderer began the quest for the Orb.
     0 | D:1      | wvc set off with: a +2 spear, 2 scrolls of teleportation, a +0 robe, a bread ration
     0 | D:1      | Reached XP level 1. HP: 23/23 MP: 2/2
   137 | D:1      | Reached XP level 2. HP: 29/29 MP: 3/3
   789 | D:2      | Reached XP level 3. HP: 35/35 MP: 4/4
  1396 | D:3      | Reached skill level 1 in Invocations
  1487 | D:3      | Noticed ximxim's ghost (amateur DsEn)
  1523 | D:3      | Slain by ximxim's ghost

Vault maps used:
D:1:      dpeg_arrival_refuge, palyth_stone_intersect
D:2:      kennysheep_generic_room_14

Skill      XL: |  1  2  3 |
---------------+----------+-----
Invocations    | 1 |  1.0
Fighting       | |  6.5
Short Blades   | |  0.9
Long Blades    | |  0.9
Axes           | |  2.6
Maces & Flails | |  0.9
Polearms       | |  2.6
Staves         | |  0.9
Slings         | |  0.9
Bows           | |  0.9
Crossbows      | |  0.9
Throwing       | |  0.9
Armour         | |  4.5
Dodging        | |  2.6
Stealth        | |  0.9
Shields        | |  2.6
Unarmed Combat | |  0.9
Spellcasting   | |  0.9
Conjurations   | |  0.6
Hexes          | |  0.6
Charms         | |  0.6
Summonings     | |  0.6
Necromancy     | |  0.6
Translocations | |  0.6
Transmutations | |  0.6
Fire Magic     | |  0.6
Ice Magic      | |  0.6
Air Magic      | |  0.6
Earth Magic    | |  0.6
Poison Magic   | |  0.6
Evocations     | |  2.6

Action                   || total
-------------------------++-------
Melee: Spear             ||    51
       Bite              ||     6
       Dagger            ||    45
 Stab: Sleeping          ||     3
  Eat: Fruit             ||     3
Armor: Robe              ||     5
       Ring mail         ||    18
Dodge: Dodged            ||    61

Table legend:
 A = Spawn XP
 B = Non-spawn XP
 C = Spawn XP percentage of total XP
 D = Spawn monster count
 E = Non-spawn monster count
 F = Spawn count percentage of total count
 G = Total turns spent on level
                    A         B        C        D         E        F      G
               +---------+---------+-------+---------+---------+-------+---------
         Total |       0 |      72 |   0.0 |       0 |      33 |   0.0 |  1523
               +---------+---------+-------+---------+---------+-------+---------
           D:1 |       0 |      32 |   0.0 |       0 |      16 |   0.0 |   787
           D:2 |       0 |      23 |   0.0 |       0 |      11 |   0.0 |   566
           D:3 |       0 |      17 |   0.0 |       0 |       6 |   0.0 |   170
               +---------+---------+-------+---------+---------+-------+---------
